 Dungeon Crawl Stone Soup version 0.30-a0-883-g5ad918d77d (webtiles) character file.

Game seed: 5478269999973003622

91 lunkers the Slasher (level 5, -5/28 (41) HPs)
             Began as a Meteoran Reaver on Mar 17, 2023.
             Killed by divine providence
             ... invoked by an orc priest
              (10 damage)
             ... on level 4 of the Dungeon.
             The game lasted 00:03:52 (1376 turns).

lunkers the Slasher (Meteoran Reaver)               Turns: 1376, Time: 00:03:53

HP:   -5/28 (41)    AC:  5    Str: 16    XL:     5   Next: 13%
MP:   9/10          EV:  9    Int: 14    God:
Gold: 126           SH:  0    Dex: 15    Spells: 8/9 levels left

rFire   . . .      SeeInvis .    b - +0 short sword (protect)
rCold   . . .      Faith    .    (no shield)
rNeg    . . .      Spirit   .    j - +1 robe of Freedom {Str+3}
rPois   .          Reflect  .    (no helmet)
rElec   .          Rampage  .    c - +0 cloak
rCorr   .                        (no gloves)
Will    .....                    r - +0 pair of boots
Stlth   +                        (no amulet)
HPRegen 0.24/turn                o - ring of willpower
MPRegen 0.12/turn                (no ring)

@: about to teleport, weak-willed, very slightly contaminated, glowing,
constricted, very heavily drained
A: sense surroundings 1, otherworldly, glowing, explore regen
a: no special abilities


You were on level 4 of the Dungeon.
You visited 1 branch of the dungeon, and saw 4 of its levels.

You collected 126 gold pieces.

Inventory:

Hand Weapons
 a - a +0 falchion
 b - a +0 short sword of protection (weapon)
Armour
 c - a +0 cloak (worn)
 e - a +0 leather armour
 j - the +1 robe of Freedom (worn) {Str+3}
   (You found it on level 2 of the Dungeon)

   Str:       It affects your strength (+3).
 r - a +0 pair of boots (worn)
Jewellery
 o - a ring of willpower (left hand)
Scrolls
 d - 3 scrolls of identify
 h - 2 scrolls of noise
 i - 3 scrolls of poison
Potions
 f - a potion of cancellation
 g - a potion of berserk rage {unknown}
 k - a potion of ambrosia {unknown}
 n - a potion of attraction {unknown}
 p - 2 potions of mutation {unknown}


   Skills:
 - Level 2.1 Fighting
 + Level 4.1(4.8) Short Blades
 - Level 4.1(5.1) Long Blades
 - Level 2.4 Dodging
 - Level 2.6 Spellcasting
 - Level 3.6 Conjurations


You had 8 spell levels left.
You knew the following spells:

 Your Spells              Type           Power      Damage    Failure   Level
p - Kiss of Death         Conj/Necr      24%        2d7       11%         1

Your spell library contained the following spells:

 Spells                   Type           Power      Damage    Failure   Level
 Momentum Strike          Conj/Tloc      12%        3d8       16%         2
 Cigotuvi's Dreadful Rot  Necr/Pois/Air  2%         N/A       32%         2
 Hailstorm                Conj/Ice       6%         3d4       32%         3
 Dispel Undead            Necr           1%         3d6       91%         4
 Death Channel            Necr           0%         N/A       100%        6


Dungeon Overview and Level Annotations

Branches:
Dungeon (4/15) Zot: 1065
 Temple: D:4-7

Altars:


Innate Abilities, Weirdness & Mutations

You passively map a small area around you.
You are easily found by Zot.
You glow in the dark.
You regain HP and MP as you explore.


Message History

The orc priest looks frightened!
The orc looks frightened!
The ball python looks frightened!
It was a scroll of fear.
The ball python constricts you.
* * * LOW HITPOINT WARNING * * *
Cornered, the ball python turns to fight!
The ball python constricts you.
* * * LOW HITPOINT WARNING * * *
As you read the scroll labelled PAIRCHOS LUMOSU, it crumbles to dust.
You feel aware of your surroundings.
You sensed 1 altar.
It was a scroll of magic mapping.
The ball python bites you but does no damage.
The ball python constricts you.
The orc is engulfed in poison gas.
The orc is poisoned.
The orc priest is engulfed in poison gas.
The orc priest is poisoned.
The orc is engulfed in poison gas.
The orc is poisoned.
Unknown command.
As you read the scroll labelled VEONUN ACAI, it crumbles to dust.
The scroll dissolves into smoke.
It was a scroll of fog.
The ball python completely misses you. The ball python constricts you.
* * * LOW HITPOINT WARNING * * *
The ball python bites you but does no damage.
The ball python constricts you.
You feel a bit more experienced. x2
As you read the scroll labelled GOOKHI REUBAO, it crumbles to dust.
You feel strangely unstable.
It was a scroll of teleportation.
The ball python bites you but does no damage.
The ball python constricts you.
Casting: Kiss of Death (safe; 11% risk of failure)
Confirm with . or Enter, or press ? or * to list all spells.
Aiming: Kiss of Death (safe; 11% risk of failure)
Press: ? - help, Shift-Dir - straight line, f - ball python
Aim: a ball python (black smoke, constricting you, weak-willed, 100% to hit)
You miscast Kiss of Death.
You are very lightly contaminated with residual magic.
Nothing appears to happen.
You feel a bit more experienced. The ball python barely misses you.
The ball python constricts you.
* * * LOW HITPOINT WARNING * * *
The orc priest calls down the wrath of Beogh upon you.
Beogh smites you!
You die...

**,,,,* ####.##...,,<,
*,,,,** #..§§....#####
*,,,,* #.§§☼....#....
*,,,,* #☼§§§....#...,
*****,,,,#####§§......#..#*
*,,,,,####§§#§§#+#....#..##
*,,,,,#§§§§☼☼#.).#....#....
*,,,,,#§§§§§§#oo.'...>'....
*,,,,,#§§§@#*#.###....#'###
*,,,,,####S###.#.....##..##
*,,,,,#..§o§...#.....#.....
*,,,,,+........#.....#.....
*,,,,,#o..o.o..#.....#...##
*,,,,,#....#####.....#...##
*,,,,,#....# #..<..######
******###### #..........#
#..........#


You could see an orc priest (weak-willed) and a ball python (weak-willed).

Vanquished Creatures
  An orc priest (D:4)
  3 adders (D:3)
  3 dart slugs
  3 orcs (D:4)
  2 bats
  6 endoplasms
  4 goblins
  3 hobgoblins
  7 jackals
  2 quokkas
  5 ball pythons
  A frilled lizard (D:3)
  5 kobolds
  7 rats
52 creatures vanquished.

Notes
Turn   | Place    | Note
-------+----------+-------------------------------------------
     0 | D:1      | lunkers the Meteoran Reaver began the quest for the Orb.
     0 | D:1      | Reached XP level 1. HP: 17/17 MP: 5/5
   124 | D:1      | Reached XP level 2. HP: 24/24 MP: 6/6
   194 | D:1      | Reached skill level 1 in Short Blades
   233 | D:1      | Reached XP level 3. HP: 25/29 MP: 8/8
   661 | D:2      | Identified the +1 robe of Freedom {Str+3}
   853 | D:2      | Reached XP level 4. HP: 29/36 MP: 9/9
  1294 | D:4      | Reached XP level 5. HP: 41/41 MP: 10/10
  1376 | D:4      | Killed from afar by an orc priest

Illustrated notes

Levels and vault maps discovered:
D:1:      amcnicky_arrival_blooded_trapdoor, layout_basic
D:2:      layout_basic
D:3:      layout_rooms, nicolae_ashenzari_skybound
D:4:      layout_gridville, lemuel_doored_altar, nicolae_figureground_sparkle

Skill      XL: |  1  2  3  4  5 |
---------------+----------------+-----
Long Blades    | 4 |  4.1
Short Blades   | 1 2 3 4 |  4.1
Fighting       | |  2.1
Dodging        | |  2.4
Spellcasting   | |  2.6
Conjurations   | |  3.6

Action                     |  1- 3 |  4- 6 || total
---------------------------+-------+-------++-------
  Melee: Falchion          |    10 |       ||    10
         Short sword       |   151 |    91 ||   242
         Punch             |     1 |     2 ||     3
   Cast: Kiss of Death     |       |     2 ||     2
    Use: Scroll            |       |     8 ||     8
 Armour: Leather armour    |    73 |       ||    73
         Robe              |     5 |    41 ||    46
  Dodge: Dodged            |    87 |    44 ||   131

Table legend: (Time is in decaauts)
 A = Elapsed time spent in this place.
 B = Non-inter-level travel time spent in this place.
 C = Inter-level travel time spent in this place.
 D = Time resting spent in this place.
 E = Time spent auto-exploring this place.
 F = Levels seen in this place.
 G = Mean time per level.
                   A        B        C        D        E       F      G
               +--------+--------+--------+--------+--------+-----+--------+
         Total |   1333 |   1295 |     38 |      0 |    858 |   4 |  333.2 |
       Dungeon |   1333 |   1295 |     38 |      0 |    858 |   4 |  333.2 |
               +--------+--------+--------+--------+--------+-----+--------+

Top non-repeatable levels by time:
     D:2: 444 daAuts
     D:1: 398 daAuts
     D:3: 332 daAuts
     D:4: 157 daAuts
